| TOP OF THE 1ST |
|
Victoria Capitals batting - Pitching for Tijuana Toros : RHP Loc Pham
|
|
Pitching: RHP Loc Pham
|
|
|
Batting: SHB Raghnall Ahearne
|
0-0: Ground out U3 (Groundball, 3, EV 95.6 MPH)
|
|
Batting: RHB Victor Ramirez
|
0-0: Ball 1-0: Ball 2-0: Foul Ball, location: 2F 2-1: Ball 3-1: DOUBLE (Line Drive, 9LD, EV 100.6 MPH)
|
|
Batting: RHB Chris Skaff
|
0-0: Ball 1-0: Foul Ball, location: 2F 1-1: Ground out 4-3 (Groundball, 4, EV 104.4 MPH) Victor Ramirez to third
|
|
Batting: LHB Chris Jackson
|
0-0: Ball 1-0: Swinging Strike 1-1: Foul Ball, location: 2F 1-2: Strikes out looking
|
| Top of the 1st over - 0 runs, 1 hit, 0 errors, 1 left on base; Victoria 0 - Tijuana 0 |
| BOTTOM OF THE 1ST |
|
Tijuana Toros batting - Pitching for Victoria Capitals : LHP Geoff Klaas
|
|
Pitching: LHP Geoff Klaas
|
|
|
Batting: RHB Jason Baldwin
|
0-0: Ball 1-0: Called Strike 1-1: Swinging Strike 1-2: Foul Ball, location: 2F 1-2: Ball 2-2: Foul Ball, location: 2F 2-2: SINGLE (Line Drive, 7S, EV 93.8 MPH)
|
|
Batting: LHB Fernão Manta
|
0-0: Ball 1-0: Foul Ball, location: 2F 1-1: Ball 2-1: Ball 3-1: Base on Balls Jason Baldwin to second
|
|
Batting: RHB Juan Gallegos
|
0-0: Ball 1-0: Ball 2-0: Ball 3-0: Called Strike 3-1: Foul Ball, location: 2F 3-2: Base on Balls Jason Baldwin to third Fernão Manta to second
|
|
Batting: RHB Bob Magana
|
0-0: Ball 1-0: Ball 2-0: Ball 3-0: Called Strike 3-1: Called Strike 3-2: Strikes out swinging
|
|
Batting: LHB Chris Buchan
|
0-0: Ball 1-0: Fielders Choice at 2nd, 3-6 (Groundball, 3, EV 105.0 MPH) Jason Baldwin scores Fernão Manta to third
|
|
Batting: LHB Jim Jardine
|
0-0: Ball 1-0: Ball 2-0: Called Strike 2-1: Ball 3-1: Foul Ball, location: 2F 3-2: Ground out U3 (Groundball, 3L, EV 110.6 MPH)
|
| Bottom of the 1st over - 1 run, 1 hit, 0 errors, 2 left on base; Victoria 0 - Tijuana 1 |
| TOP OF THE 2ND |
|
Victoria Capitals batting - Pitching for Tijuana Toros : RHP Loc Pham
|
|
Batting: LHB Jason Kinney
|
0-0: Called Strike 0-1: Foul Ball, location: 2F 0-2: Strikes out swinging
|
|
Batting: LHB William Gonzales
|
0-0: Ball 1-0: Called Strike 1-1: Ball 2-1: Ground out U3 (Groundball, 3L, EV 87.5 MPH)
|
|
Batting: RHB Ricky Ramirez
|
0-0: Ground out 6-3 (Groundball, 6, EV 78.8 MPH)
|
| Top of the 2nd over - 0 runs, 0 hits, 0 errors, 0 left on base; Victoria 0 - Tijuana 1 |
| BOTTOM OF THE 2ND |
|
Tijuana Toros batting - Pitching for Victoria Capitals : LHP Geoff Klaas
|
|
Batting: SHB Javy Franco
|
0-0: Called Strike 0-1: Ball 1-1: Ball 2-1: Ground out U3 (Groundball, 34S, EV 65.0 MPH)
|
|
Batting: RHB Adam Maczko
|
0-0: Ground out 4-3 (Groundball, 4, EV 90.0 MPH)
|
|
Batting: SHB Alex Noval
|
0-0: Ball 1-0: Swinging Strike 1-1: Foul Ball, location: 2F 1-2: Ball 2-2: Foul Ball, location: 2F 2-2: Ball 3-2: Foul Ball, location: 2F 3-2: Strikes out swinging
|
| Bottom of the 2nd over - 0 runs, 0 hits, 0 errors, 0 left on base; Victoria 0 - Tijuana 1 |
| TOP OF THE 3RD |
|
Victoria Capitals batting - Pitching for Tijuana Toros : RHP Loc Pham
|
|
Batting: RHB Ziven Badersky
|
0-0: Called Strike 0-1: Foul Ball, location: 2F 0-2: Ball 1-2: Ball 2-2: Strikes out swinging
|
|
Batting: RHB Joaquin Salazar
|
0-0: Ball 1-0: Ball 2-0: Ball 3-0: Base on Balls
|
|
Batting: SHB Raghnall Ahearne
|
0-0: Ball Joaquin Salazar steals 2nd base (no throw) 1-0: Ball Joaquin Salazar steals 3rd base 2-0: Ball 3-0: Base on Balls
|
|
Batting: RHB Victor Ramirez
|
0-0: Ball 1-0: Called Strike Raghnall Ahearne is caught stealing 2nd base 2-4 1-1: Fly out, F3 (Popup, 3S, EV 76.2 MPH)
|
| Top of the 3rd over - 0 runs, 0 hits, 0 errors, 1 left on base; Victoria 0 - Tijuana 1 |
| BOTTOM OF THE 3RD |
|
Tijuana Toros batting - Pitching for Victoria Capitals : LHP Geoff Klaas
|
|
Batting: RHB Jason Baldwin
|
0-0: Ball 1-0: Called Strike 1-1: Fly out, F7 (Flyball, 7LM, EV 80.6 MPH)
|
|
Batting: LHB Fernão Manta
|
0-0: Foul Ball, location: 2F 0-1: Ball 1-1: Ball 2-1: Foul Ball, location: 2F 2-2: Ball 3-2: Foul Ball, location: 2F 3-2: Foul Ball, location: 2F 3-2: Foul Ball, location: 2F 3-2: Foul Ball, location: 2F 3-2: Fly out, F8 (Flyball, 89XD, EV 99.4 MPH)
|
|
Batting: RHB Juan Gallegos
|
0-0: Called Strike 0-1: Swinging Strike 0-2: Strikes out looking
|
| Bottom of the 3rd over - 0 runs, 0 hits, 0 errors, 0 left on base; Victoria 0 - Tijuana 1 |
| TOP OF THE 4TH |
|
Victoria Capitals batting - Pitching for Tijuana Toros : RHP Loc Pham
|
|
Batting: RHB Chris Skaff
|
0-0: Called Strike 0-1: Called Strike 0-2: Strikes out swinging
|
|
Batting: LHB Chris Jackson
|
0-0: Called Strike 0-1: Ball 1-1: Ground out 3-1 (Groundball, 34S, EV 91.9 MPH)
|
|
Batting: LHB Jason Kinney
|
0-0: Swinging Strike 0-1: Ball 1-1: Swinging Strike 1-2: Foul Ball, location: 2F 1-2: Ball 2-2: Foul Ball, location: 2F 2-2: Fly out, F9 (Flyball, 89M, EV 76.2 MPH)
|
| Top of the 4th over - 0 runs, 0 hits, 0 errors, 0 left on base; Victoria 0 - Tijuana 1 |
| BOTTOM OF THE 4TH |
|
Tijuana Toros batting - Pitching for Victoria Capitals : LHP Geoff Klaas
|
|
Batting: RHB Bob Magana
|
0-0: Ball 1-0: Swinging Strike 1-1: SOLO HOME RUN (Line Drive, 7LD, EV 97.5 MPH), Distance : 381 ft
|
|
Batting: LHB Chris Buchan
|
0-0: Ball 1-0: Ball 2-0: Fly out, F7 (Flyball, 78M, EV 84.4 MPH)
|
|
Batting: LHB Jim Jardine
|
0-0: Foul Ball, location: 2F 0-1: Foul Ball, location: 2F 0-2: Ball 1-2: Ball 2-2: Ball 3-2: Base on Balls
|
|
Batting: SHB Javy Franco
|
0-0: Ball 1-0: SINGLE (Groundball, 56S, EV 65.6 MPH) (infield hit) Jim Jardine to second
|
|
Pitching: RHP Domingo Maldonado
|
|
|
Batting: RHB Djoka Subasic
|
0-0: Fly out, F4 (Popup, 34, EV 77.5 MPH)
|
|
Batting: SHB Alex Noval
|
0-0: 3-RUN HOME RUN (Flyball, 7LD, EV 96.9 MPH), Distance : 367 ft
|
|
Batting: RHB Jason Baldwin
|
0-0: Ball 1-0: Ball 2-0: Ball 3-0: Base on Balls
|
|
Batting: LHB Fernão Manta
|
0-0: Ball 1-0: Called Strike Jason Baldwin steals 2nd base (no throw) 1-1: Called Strike 1-2: Ball 2-2: Foul Ball, location: 2F 2-2: Fly out, F9 (Flyball, 9, EV 75.0 MPH)
|
| Bottom of the 4th over - 4 runs, 3 hits, 0 errors, 1 left on base; Victoria 0 - Tijuana 5 |
| TOP OF THE 5TH |
|
Victoria Capitals batting - Pitching for Tijuana Toros : RHP Loc Pham
|
|
Batting: LHB William Gonzales
|
0-0: Foul Ball, location: 2F 0-1: SINGLE (Groundball, 6, EV 99.4 MPH)
|
|
Batting: RHB Ricky Ramirez
|
0-0: Ball 1-0: Called Strike 1-1: Fly out, F8 (Flyball, 8RM, EV 93.1 MPH)
|
|
Batting: RHB Ziven Badersky
|
0-0: Ball 1-0: Swinging Strike 1-1: Ball 2-1: Ball 3-1: Called Strike 3-2: Foul Ball, location: 2F 3-2: Foul Ball, location: 2F 3-2: Foul Ball, location: 2F 3-2: Base on Balls William Gonzales to second
|
|
Batting: RHB Joaquin Salazar
|
0-0: Ball 1-0: Ball 2-0: Fielders Choice at 2nd, 1-6 (Groundball, 13S, EV 65.6 MPH) William Gonzales to third
|
|
Batting: SHB Raghnall Ahearne
|
0-0: Foul Ball, location: 2F 0-1: Ball 1-1: Ball Joaquin Salazar steals 2nd base 2-1: Foul Ball, location: 2F 2-2: Ball 3-2: Foul Ball, location: 2F 3-2: Foul Ball, location: 2F 3-2: Foul Ball, location: 2F 3-2: Foul Ball, location: 2F 3-2: Base on Balls
|
|
Batting: RHB Victor Ramirez
|
0-0: SINGLE (Groundball, 4, EV 94.4 MPH) William Gonzales scores Joaquin Salazar to third Raghnall Ahearne to second Runner from 3rd tries for Home, SAFE, throw by CF to home Raghnall Ahearne to third Victor Ramirez to second
|
|
Batting: RHB Chris Skaff
|
0-0: Ball 1-0: Foul Ball, location: 2F 1-1: Ball 2-1: Foul Ball, location: 2F 2-2: Ball 3-2: SINGLE (Flyball, 8LS, EV 91.2 MPH) Raghnall Ahearne scores Victor Ramirez to third
|
|
Batting: LHB Chris Jackson
|
0-0: Called Strike 0-1: Called Strike 0-2: Ball 1-2: Ball 2-2: Foul Ball, location: 2F 2-2: Strikes out swinging
|
| Top of the 5th over - 3 runs, 3 hits, 0 errors, 2 left on base; Victoria 3 - Tijuana 5 |
| BOTTOM OF THE 5TH |
|
Tijuana Toros batting - Pitching for Victoria Capitals : RHP Domingo Maldonado
|
|
Batting: RHB Juan Gallegos
|
0-0: Ball 1-0: SINGLE (Groundball, 6MD, EV 102.5 MPH)
|
|
Batting: RHB Bob Magana
|
0-0: Called Strike 0-1: Foul Ball, location: 2F 0-2: DOUBLE (Line Drive, 9LM, EV 99.4 MPH) Juan Gallegos to third
|
|
Batting: LHB Chris Buchan
|
0-0: Ball 1-0: Fly out, F9 (Line Drive, 89M, EV 90.6 MPH)
|
|
Pitching: RHP Mario Mata
|
|
|
Batting: LHB Jim Jardine
|
0-0: Ball 1-0: Swinging Strike 1-1: Called Strike 1-2: Ball 2-2: Ball 3-2: Ground out 5-3 (Groundball, 5S, EV 62.5 MPH)
|
|
Batting: SHB Javy Franco
|
0-0: Called Strike 0-1: Ground out 6-3 (Groundball, 6M, EV 96.2 MPH)
|
| Bottom of the 5th over - 0 runs, 2 hits, 0 errors, 2 left on base; Victoria 3 - Tijuana 5 |
| TOP OF THE 6TH |
|
Victoria Capitals batting - Pitching for Tijuana Toros : RHP Loc Pham
|
|
Batting: LHB Jason Kinney
|
0-0: Called Strike 0-1: Ball 1-1: Called Strike 1-2: Foul Ball, location: 2F 1-2: Ball 2-2: SINGLE (Groundball, 4M, EV 98.8 MPH) (infield hit)
|
|
Batting: LHB William Gonzales
|
0-0: Called Strike 0-1: Fly out, F8 (Line Drive, 8RM, EV 97.5 MPH)
|
|
Pitching: RHP Francisco Guzman
|
|
|
Pinch Hitting: RHB Jose Zuniga
|
0-0: Called Strike 0-1: Called Strike 0-2: Strikes out looking
|
|
Batting: RHB Ziven Badersky
|
0-0: Fly out, F8 (Flyball, 8LM, EV 96.9 MPH)
|
| Top of the 6th over - 0 runs, 1 hit, 0 errors, 1 left on base; Victoria 3 - Tijuana 5 |
| BOTTOM OF THE 6TH |
|
Tijuana Toros batting - Pitching for Victoria Capitals : RHP Mario Mata
|
|
Now at 3B: Eddie Luna
|
|
|
Batting: RHB Djoka Subasic
|
0-0: Called Strike 0-1: Called Strike 0-2: Strikes out swinging
|
|
Batting: SHB Alex Noval
|
0-0: Ball 1-0: Foul Ball, location: 2F 1-1: Called Strike 1-2: Ball 2-2: Ball 3-2: Foul Ball, location: 2F 3-2: Base on Balls
|
|
Batting: RHB Jason Baldwin
|
0-0: Ball 1-0: Fielders Choice at 2nd, 5-4 (Groundball, 56, EV 85.0 MPH)
|
|
Batting: LHB Fernão Manta
|
0-0: Ball Pickoff Throw to First - Out! 1-3
|
| Bottom of the 6th over - 0 runs, 0 hits, 0 errors, 0 left on base; Victoria 3 - Tijuana 5 |
| TOP OF THE 7TH |
|
Victoria Capitals batting - Pitching for Tijuana Toros : RHP Francisco Guzman
|
|
Pitching: RHP Jimmy Hitchcock
|
|
|
Batting: RHB Joaquin Salazar
|
0-0: Ground out 1-3 (Groundball, 34S, EV 63.8 MPH)
|
|
Batting: SHB Raghnall Ahearne
|
0-0: Ball 1-0: Called Strike 1-1: Ball 2-1: Foul Ball, location: 2F 2-2: Ball 3-2: Base on Balls
|
|
Batting: RHB Victor Ramirez
|
0-0: Grounds into double play, 4-6-3 (Groundball, 4, EV 100.6 MPH)
|
| Top of the 7th over - 0 runs, 0 hits, 0 errors, 0 left on base; Victoria 3 - Tijuana 5 |
| BOTTOM OF THE 7TH |
|
Tijuana Toros batting - Pitching for Victoria Capitals : RHP Mario Mata
|
|
Pitching: RHP Ruben Mendoza
|
|
|
Batting: LHB Fernão Manta
|
0-0: Ball 1-0: Called Strike 1-1: Swinging Strike 1-2: Ball 2-2: Foul Ball, location: 2F 2-2: SINGLE (Flyball, 4D, EV 93.1 MPH)
|
|
Batting: RHB Juan Gallegos
|
0-0: Called Strike 0-1: Ball 1-1: DOUBLE (Groundball, 5L, EV 100.0 MPH) Fernão Manta to third Runner from 3rd tries for Home, SAFE, throw by LF to home
|
|
Batting: RHB Bob Magana
|
0-0: Ball 1-0: Called Strike 1-1: Ball Wild Pitch! Juan Gallegos to third 2-1: 2-RUN HOME RUN (Flyball, 78XD, EV 108.1 MPH), Distance : 418 ft
|
|
Pitching: RHP Frank Kats
|
|
|
Batting: LHB Chris Buchan
|
0-0: Ball 1-0: Foul Ball, location: 2F 1-1: Ball 2-1: Fly out, F6 (Line Drive, 4MD, EV 61.9 MPH)
|
|
Batting: LHB Jim Jardine
|
0-0: Foul Ball, location: 2F 0-1: Ball 1-1: Ball 2-1: Foul Ball, location: 2F 2-2: Fly out, F9 (Flyball, 89S, EV 94.4 MPH)
|
|
Batting: SHB Javy Franco
|
0-0: Ball 1-0: Ball 2-0: Called Strike 2-1: Called Strike 2-2: Strikes out swinging
|
| Bottom of the 7th over - 3 runs, 3 hits, 0 errors, 0 left on base; Victoria 3 - Tijuana 8 |
| TOP OF THE 8TH |
|
Victoria Capitals batting - Pitching for Tijuana Toros : RHP Jimmy Hitchcock
|
|
Batting: RHB Chris Skaff
|
0-0: Ball 1-0: Foul Ball, location: 2F 1-1: Fly out, F9 (Flyball, 89M, EV 98.1 MPH)
|
|
Batting: LHB Chris Jackson
|
0-0: Ball 1-0: Fly out, F8 (Flyball, 8LD, EV 103.1 MPH)
|
|
Batting: LHB Jason Kinney
|
0-0: Ball 1-0: Ball 2-0: Ground out U3 (Groundball, 34, EV 88.8 MPH)
|
| Top of the 8th over - 0 runs, 0 hits, 0 errors, 0 left on base; Victoria 3 - Tijuana 8 |
| BOTTOM OF THE 8TH |
|
Tijuana Toros batting - Pitching for Victoria Capitals : RHP Frank Kats
|
|
Batting: RHB Djoka Subasic
|
0-0: Foul Ball, location: 2F 0-1: Ball 1-1: Called Strike 1-2: Strikes out looking
|
|
Batting: SHB Alex Noval
|
0-0: Ball 1-0: Ball 2-0: Ball 3-0: Base on Balls
|
|
Batting: RHB Jason Baldwin
|
0-0: Ball 1-0: Called Strike 1-1: Foul Ball, location: 2F 1-2: Strikes out swinging
|
|
Batting: LHB Fernão Manta
|
0-0: Ball 1-0: Swinging Strike 1-1: Fly out, F9 (Flyball, 9, EV 85.0 MPH)
|
| Bottom of the 8th over - 0 runs, 0 hits, 0 errors, 1 left on base; Victoria 3 - Tijuana 8 |
| TOP OF THE 9TH |
|
Victoria Capitals batting - Pitching for Tijuana Toros : RHP Jimmy Hitchcock
|
|
Batting: LHB William Gonzales
|
0-0: Ball 1-0: Ball 2-0: Called Strike 2-1: Called Strike 2-2: Foul Ball, location: 2F 2-2: Ball 3-2: Base on Balls
|
|
Pinch Hitting: LHB Ryan Daniels
|
0-0: Foul Ball, location: 2F 0-1: Fly out, F9 (Flyball, 9, EV 92.5 MPH)
|
|
Pinch Hitting: RHB Jung-wan Aan
|
0-0: Ball 1-0: Ball 2-0: Ball 3-0: Base on Balls William Gonzales to second
|
|
Pitching: RHP Gerardo Diaz
|
|
|
Batting: RHB Joaquin Salazar
|
0-0: Ball 1-0: Grounds into double play, 4-6-3 (Groundball, 4, EV 101.2 MPH)
|
| Top of the 9th over - 0 runs, 0 hits, 0 errors, 1 left on base; Victoria 3 - Tijuana 8 |
|